 Dungeon Crawl Stone Soup version 0.31.0-32-g396128a36d (webtiles) character file.

Game seed: 3367072456842604072

38794 nefhilion the Geomancer (level 13, -1/103 HPs)
             Began as a Vampire Earth Elementalist on Apr 8, 2024.
             Was a High Priest of Nemelex Xobeh.
             Engulfed by a cloud of foul pestilence (9 damage)
             ... on level 3 of the Lair of Beasts.
             The game lasted 00:42:33 (14691 turns).

nefhilion the Geomancer (VpEE)                     Turns: 14691, Time: 00:42:34

Health: -1/103     AC: 15    Str:  9    XL:     13   Next: 65%
Magic:  11/25      EV: 21    Int: 20    God:    Nemelex Xobeh [*****.]
Gold:   1097       SH:  5    Dex: 15    Spells: 13/28 levels left

rFire   . . .        a - +5 scimitar
rCold   . . .        R - +0 buckler
rNeg    . . .        m - +3 leather armour
rPois   .            w - +2 helmet
rElec   .            k - +1 cloak
rCorr   .            G - +2 pair of gloves
SInv    +            B - +0 pair of boots
Will    +....        y - amulet of magic regeneration
Stlth   ++++         t - +4 ring of slaying
HPRegen 0.57/turn    h - +5 ring of evasion
MPRegen 0.59/turn

%: no passive effects
@: lethally poisoned (-1 -> -44), healing quickly, slowed, very slow
A: alive, fangs 3, see invisible, vampiric 2
a: Exsanguinate, Renounce Religion, Draw Escape, Draw Destruction, Draw
Summoning, Triple Draw, Deal Four, Stack Five


You were on level 3 of the Lair of Beasts.
You worshipped Nemelex Xobeh.
Nemelex Xobeh was extremely pleased with you.
You visited 2 branches of the dungeon, and saw 14 of its levels.

You collected 1097 gold pieces.

Inventory:

Hand Weapons
 a - a +5 scimitar (weapon)
Missiles
 l - a throwing net
 r - 18 poisoned darts
 L - 3 curare-tipped darts
Armour
 k - a +1 cloak (worn)
 m - a +3 leather armour (worn)
 w - a +2 helmet (worn)
 z - +0 fire dragon scales
 B - a +0 pair of boots (worn)
 G - a +2 pair of gloves (worn)
 R - a +0 buckler (worn)
 W - a +0 kite shield
Magical Staves
 b - a staff of earth
Jewellery
 e - a ring of protection from cold
 g - a ring of ice
 h - a +5 ring of evasion (right hand)
 t - a +4 ring of slaying (left hand)
 y - an amulet of magic regeneration (around neck)
 A - a ring of wizardry
 F - a ring of magical power
 T - an amulet of regeneration
 V - a ring of fire
 X - an amulet of reflection
Wands
 d - a wand of digging (4)
 i - a wand of iceblast (13)
 j - a wand of polymorph (11)
 p - a wand of paralysis (26)
 q - a wand of flame (39)
Scrolls
 c - 3 scrolls of enchant weapon
 f - 2 scrolls of noise
 u - a scroll of amnesia
 x - 3 scrolls of enchant armour
 C - a scroll of fear {unknown}
 D - a scroll of blinking
 K - 2 scrolls of immolation
 O - a scroll of brand weapon {unknown}
 S - 2 scrolls of poison
 Y - a scroll of teleportation {@r3}
 Z - a scroll of identify {@r1}
Potions
 n - 5 potions of enlightenment
 s - 2 potions of degeneration
 H - 4 potions of haste
 I - 2 potions of invisibility
 J - a potion of curing {@q1}
 M - 2 potions of might
 N - 2 potions of heal wounds {@q2}
 P - a potion of lignification
 Q - a potion of magic
 U - 2 potions of mutation
Miscellaneous
 v - a lightning rod (3/4)


   Skills:
 + Level 10.2 Fighting
 + Level 4.5 Long Blades
 + Level 11.5 Dodging
 - Level 10.0 Stealth
 - Level 5.0 Shields
 - Level 8.0 Spellcasting
 - Level 1.0 Conjurations
 - Level 12.0 Earth Magic
 + Level 7.0 Invocations


You had 13 spell levels left.
You knew the following spells:

 Your Spells              Type           Power      Damage    Failure   Level
a - Sandblast             Erth           100%       2d20      1%          1
b - Brom's Barrelling Bo  Conj/Erth      34%        2d5       12%         4
g - Petrify               Alch/Erth      32%        N/A       14%         4
u - Passwall              Erth           54%        N/A       1%          3
x - Stone Arrow           Conj/Erth      68%        3d11      3%          3

Your spell library contained the following spells:

 Spells                   Type           Power      Damage    Failure   Level
 Shock                    Conj/Air       40%        1d5       14%         1
 Sting                    Conj/Alch      40%        1d5       14%         1
 Leda's Liquefaction      Alch/Erth      16%        N/A       14%         4
 Apportation              Tloc           16%        N/A       17%         1
 Necrotise                Necr           32%        1d5       17%         1
 Summon Small Mammal      Summ           32%        N/A       17%         1
 Cigotuvi's Dreadful Rot  Necr/Alch/Air  16%        N/A       26%         2
 Ensorcelled Hibernation  Hex/Ice        16%        N/A       26%         2
 Call Canine Familiar     Summ           8%         N/A       45%         3
 Frozen Ramparts          Ice            16%        1d3       45%         3
 Fugue of the Fallen      Necr           8%         N/A       45%         3
 Ozocubu's Armour         Ice            8%         N/A       45%         3
 Swiftness                Air            8%         N/A       45%         3
 Dispel Undead            Necr           8%         3d8       86%         4
 Manifold Assault         Tloc           8%         N/A       86%         4
 Martyr's Knell           Necr/Summ      8%         N/A       86%         4
 Summon Blazeheart Golem  Fire/Summ      8%         N/A       86%         4
 Arcjolt                  Conj/Air       5%         1d15      98%         5
 Freezing Cloud           Conj/Ice/Air   4%         6-21      99%         5
 Metabolic Englaciation   Hex/Ice        4%         N/A       99%         5
 Death Channel            Necr           4%         N/A       100%        6
 Orb of Destruction       Conj           6%         9d6       100%        7
 Spellforged Servitor     Conj/Summ      5%         N/A       100%        7


Dungeon Overview and Level Annotations

Branches:
Dungeon (11/15)            Temple (0/1) D:4            Lair (3/5) D:9
    Orc (0/2) D:9
  Swamp: Lair:2-3    Shoals: Lair:2-3     Snake: Lair:2-3    Spider: Lair:2-3

Altars:
Cheibriados
Hepliaklqana
Nemelex Xobeh
Trog
Wu Jian
Ignis

Shops:
D:9 *

Annotations:
D:7 2 runed translucent doors, community's ghost, novice OpHW


Innate Abilities, Weirdness & Mutations

Your natural rate of healing is accelerated.
You have razor-sharp teeth.
You have supernaturally acute eyesight. (SInv)
You are afflicted with vampirism and can become a bat while bloodless.


Message History

Unknown command.
You draw a card...
You have drawn Pain.
Press: ? - help, Shift-Dir - straight line, f/p - eight-headed hydra
Aim: an eight-headed hydra (severely wounded)
The bolt of negative energy hits the eight-headed hydra!
The eight-headed hydra is drained!
The eight-headed hydra is almost dead.
The eight-headed hydra bites you.
You draw a card...
You have drawn Pain.
Press: ? - help, Shift-Dir - straight line, f/p - eight-headed hydra
Aim: an eight-headed hydra (almost dead, lightly drained)
The bolt of negative energy hits the eight-headed hydra!!!
The eight-headed hydra is drained!
You kill the eight-headed hydra!
Your Invocations skill increases to level 7!
The black mamba bites you.
You draw a card...
You have drawn the Cloud.
Clouds appear around your foes!
You barely miss the black mamba.
The black mamba is heavily wounded.
You are engulfed in dark miasma.
You are poisoned.
* * * LOW HITPOINT WARNING * * *
You feel extremely sick.
You closely miss the black mamba.
The black mamba is heavily wounded.
You are engulfed in dark miasma.
You are more poisoned.
You feel yourself slow down.
* * * LOW HITPOINT WARNING * * *
x2 You feel extremely sick.
The black mamba bites you!
* * * LOW HITPOINT WARNING * * *
You slash the black mamba!
The black mamba is severely wounded.
You are engulfed in dark miasma.
You are more poisoned.
You die...
Your body glows with a rainbow of weird colours and disappears.

# ######.### ##
♣♣.....♣♣
#♣♣♣♣..PPP..♣♣♣
#......P~P..... ..
.## #♣♣♣♣..PPP..♣♣♣
..##†#### ♣♣.....♣♣
...°..P #♣♣.♣♣######
.....# # #........#
#....# +..######@♣.#
##....## #..?')..#S♣
#......# ######..°S♣
#######....##
####°°.#...........#
#####...........##
#............#
#...........##
#...........#
#...........#


You could see a black mamba and a water moccasin.

Vanquished Creatures
  Erolcha (D:9)
  3 hydras (Lair:3)
  3 two-headed ogres
  A death yak (D:9)
  2 hell knights (D:10)
  A skyshark (Lair:3)
  A deep troll (D:9)
  An ugly thing (D:11)
  7 centaur zombies (D:10)
  4 black mambas
  3 gargoyles (D:10)
  Joseph (D:7)
  A torpor snail (Lair:3)
  8 cane toads
  A kobold demonologist (D:11)
  7 komodo dragons (Lair:3)
  Maggie (D:6)
  Psyche (D:8)
  3 polar bears
  2 hornets
  2 trolls (D:11)
  4 blink frogs (Lair:3)
  2 vampires (D:10)
  2 wraiths
  A shadow (D:11)
  27 yaks
  7 fire bats
  3 wyverns (D:8)
  Eustachio (D:6)
  A warg (D:9)
  An unseen horror simulacrum (D:10)
  3 basilisks (Lair:3)
  A human (D:9)
  2 steam dragons
  Menkaure (D:6)
  2 acid dragons (D:10)
  13 water moccasins
  5 ice beasts
  7 orc warriors
  3 centaurs
  6 wolves
  2 kobold brigands
  3 phantoms
  Blork the orc (D:6)
  4 scorpions
  14 bullfrogs
  7 gnoll sergeants (D:10)
  10 wights
  6 killer bees (D:9)
  2 electric eels
  3 howler monkeys
  6 bombardier beetles
  2 hounds (D:4)
  2 jellies
  8 orc priests
  6 iguanas
  Natasha (D:3)
  A sleepcap (D:8)
  18 orc wizards
  3 gnolls
  12 adders
  4 white imps
  2 ufetubi (D:6)
  3 ribbon worms
  6 dart slugs
  55 orcs
  5 ball pythons
  8 endoplasms
  9 giant cockroaches
  2 hobgoblins (D:1)
  2 jackals (D:2)
  3 quokkas
  7 bats
  4 frilled lizards
  7 goblins
  15 kobolds
  6 rats
395 creatures vanquished.

Vanquished Creatures (collateral kills)
  6 death yaks (D:9)
  A two-headed ogre (D:5)
  A gargoyle (D:10)
  A hound (D:5)
  12 boulders
21 creatures vanquished.

Vanquished Creatures (others)
  An orc (D:6)
  10 boulders
11 creatures vanquished.

Grand Total: 427 creatures vanquished

Notes
Turn   | Place    | Note
-------+----------+-------------------------------------------
     0 | D:1      | nefhilion the Vampire Earth Elementalist began the quest
                  | for the Orb.
     0 | D:1      | Reached XP level 1. HP: 13/13 MP: 3/3
   358 | D:1      | Reached XP level 2. HP: 19/19 MP: 3/5
  1176 | D:2      | Gained mutation: You are afflicted with vampirism and can
                  | become a bat while bloodless. [Vampire growth]
  1176 | D:2      | Reached XP level 3. HP: 18/24 MP: 2/7
  1520 | D:2      | Reached skill level 1 in Fighting
  1543 | D:1      | Reached skill level 4 in Earth Magic
  1543 | D:1      | Reached XP level 4. HP: 12/32 MP: 2/8
  1761 | D:2      | Found a faded altar of an unknown god.
  1772 | D:2      | Prayed at the altar of an unknown god.
  1772 | D:2      | Became a worshipper of Nemelex Xobeh the Trickster
  1772 | D:2      | Reached * piety under Nemelex Xobeh
  1772 | D:2      | Received a gift from Nemelex Xobeh
  1902 | D:2      | Learned a level 3 spell: Stone Arrow
  2151 | D:3      | Received a gift from Nemelex Xobeh
  2190 | D:3      | Reached skill level 1 in Invocations
  2215 | D:3      | Reached XP level 5. HP: 37/37 MP: 7/9
  2277 | D:3      | Learned a level 3 spell: Passwall
  2382 | D:3      | Noticed Natasha
  2389 | D:3      | Killed Natasha
  2390 | D:3      | Reached skill level 5 in Earth Magic
  2916 | D:4      | Reached XP level 6. HP: 42/43 MP: 4/10
  3187 | D:4      | Reached ** piety under Nemelex Xobeh
  3194 | D:4      | Reached skill level 6 in Earth Magic
  3194 | D:4      | Reached XP level 7. HP: 43/48 MP: 6/11
  3428 | D:4      | Found a staircase to the Ecumenical Temple.
  3557 | D:4      | Found an ornate altar of the Wu Jian Council.
  3776 | D:5      | Entered Level 5 of the Dungeon
  3953 | D:5      | Reached skill level 5 in Invocations
  3953 | D:5      | Reached skill level 1 in Conjurations
  4215 | D:5      | Noticed a two-headed ogre
  4235 | D:5      | Reached XP level 8. HP: 41/54 MP: 2/14
  4352 | D:5      | Killed a two-headed ogre
  5342 | D:6      | Noticed Blork the orc
  5347 | D:6      | Killed Blork the orc
  5348 | D:6      | Reached XP level 9. HP: 63/63 MP: 8/15
  5528 | D:6      | Reached *** piety under Nemelex Xobeh
  5528 | D:6      | Noticed Maggie
  5775 | D:6      | Noticed Eustachio
  5782 | D:6      | Killed Eustachio
  5837 | D:6      | Killed Maggie
  5946 | D:6      | Noticed Menkaure
  5950 | D:6      | Killed Menkaure
  6099 | D:7      | Received a gift from Nemelex Xobeh
  6128 | D:7      | Found a large runed translucent door.
  6128 | D:7      | Found a large runed translucent door.
  6132 | D:7      | Noticed community's ghost (novice OpHW)
  6257 | D:7      | Reached skill level 10 in Dodging
  6558 | D:7      | Reached skill level 5 in Fighting
  6719 | D:7      | Received a gift from Nemelex Xobeh
  6720 | D:7      | Noticed Joseph
  6730 | D:7      | Killed Joseph
  7080 | D:8      | Reached XP level 10. HP: 75/76 MP: 16/16
  7093 | D:8      | Found a hazy altar of Hepliaklqana.
  7099 | D:8      | Found a snail-covered altar of Cheibriados.
  7624 | D:8      | Noticed Psyche
  7629 | D:8      | Killed Psyche
  7772 | D:8      | Reached **** piety under Nemelex Xobeh
  8668 | D:9      | Found a staircase to the Orcish Mines.
  8741 | D:9      | Learned a level 4 spell: Brom's Barrelling Boulder
  8746 | D:9      | Learned a level 4 spell: Petrify
  8887 | D:9      | Noticed a death yak
  8887 | D:9      | Noticed a death yak
  8887 | D:9      | Noticed a death yak
  8923 | D:9      | Killed a death yak
  8924 | D:9      | Reached skill level 10 in Stealth
  9006 | D:9      | Noticed a death yak
  9006 | D:9      | Noticed a death yak
  9006 | D:9      | Noticed a death yak
  9007 | D:9      | Received a gift from Nemelex Xobeh
  9007 | D:9      | Noticed a death yak
  9007 | D:9      | Noticed a death yak
  9021 | D:9      | Noticed a death yak
  9021 | D:9      | Killed a death yak
  9022 | D:9      | Reached skill level 7 in Earth Magic
  9024 | D:9      | Killed a death yak
  9025 | D:9      | Reached skill level 8 in Earth Magic
  9025 | D:9      | Reached XP level 11. HP: 56/86 MP: 4/17
  9026 | D:9      | Killed a death yak
  9030 | D:9      | Killed a death yak
  9031 | D:9      | Reached skill level 9 in Earth Magic
  9061 | D:9      | Killed a death yak
  9073 | D:9      | Killed a death yak
  9095 | D:9      | a death yak changed into a deep troll
  9095 | D:9      | Noticed a deep troll
  9095 | D:9      | a death yak changed into an entropy weaver
  9095 | D:9      | Noticed an entropy weaver
  9097 | D:9      | Killed a deep troll
  9098 | D:9      | Reached skill level 10 in Earth Magic
  9338 | D:9      | Found a staircase to the Lair.
  9589 | D:9      | Noticed Erolcha
  9595 | D:9      | Noticed a two-headed ogre
  9596 | D:9      | Killed Erolcha
  9622 | D:9      | Killed a two-headed ogre
  9623 | D:9      | Reached skill level 11 in Earth Magic
  9668 | D:9      | Found Bopparosch's Neck Hole.
  9835 | D:10     | Entered Level 10 of the Dungeon
 10203 | D:10     | Got the Compendium of Violent Ceraunoscopy
 10206 | D:10     | Received a gift from Nemelex Xobeh
 10260 | D:10     | Reached skill level 12 in Earth Magic
 10482 | D:11     | Noticed a brown ugly thing
 10488 | D:11     | Killed a brown ugly thing
 10549 | D:11     | Reached XP level 12. HP: 85/94 MP: 9/18
 10582 | D:11     | Noticed a two-headed ogre
 10590 | D:11     | Killed a two-headed ogre
 10624 | D:11     | Reached ***** piety under Nemelex Xobeh
 10673 | D:11     | Reached skill level 5 in Spellcasting
 10982 | D:11     | Received a gift from Nemelex Xobeh
 11010 | D:11     | Noticed a two-headed ogre
 11017 | D:11     | Killed a two-headed ogre
 11588 | D:10     | Reached skill level 1 in Shields
 11950 | D:10     | HP: 3/95 [hell knight/+5 scimitar (20)]
 12152 | D:10     | Found a candlelit altar of Ignis.
 12355 | D:10     | Reached skill level 5 in Shields
 12427 | D:10     | Found a bloodstained altar of Trog.
 12587 | Lair:1   | Entered Level 1 of the Lair of Beasts
 12943 | Lair:1   | Reached skill level 1 in Long Blades
 12943 | Lair:1   | Reached XP level 13. HP: 101/101 MP: 19/25
 13747 | Lair:3   | Received a gift from Nemelex Xobeh
 13993 | Lair:3   | Received a gift from Nemelex Xobeh
 14442 | Lair:3   | Reached skill level 10 in Fighting
 14691 | Lair:3   | Engulfed by a cloud of foul pestilence

Illustrated notes

Levels and vault maps discovered:
D:1:      onia_arrival_mini_maze, layout_loops_ring, minmay_split_cup_large
D:2:      layout_basic, basic_ecumenical_altar
D:3:      layout_rooms, serial_bayou_lake_a, uniq_natasha
D:4:      layout_rooms, nicolae_wu_jian_glorious_leap,
          minmay_temple_entry_glassed_door
D:5:      layout_basic, minmay_chambers_of_fives
D:6:      layout_gridville, uniq_blork_the_orc, uniq_maggie, uniq_menkaure,
          uniq_eustachio
D:7:      layout_loops_ring, ebering_ghost_disaster_area,
          minmay_stone_trees_medium, st_stairs_2, uniq_joseph
D:8:      layout_loops_ring, minmay_overflow_temple_star_quad,
          serial_co_window_serial, co_window_paths_a,
          co_window_of_opportunity_a, co_window_corner_a, co_window_corner_a,
          co_window_cross_1, co_window_corner_a, co_window_of_opportunity_a,
          co_window_unsneaky_path_a, co_window_corner_b, co_window_paths_c,
          co_window_broadway_b, co_window_unsneaky_path_d, co_window_4corner_b,
          co_window_paths_e, uniq_psyche
D:9:      layout_basic, dpeg_lair_monsters, erik_orc_4,
          nicolae_shop_sticking_my_neck_out, uniq_erolcha
D:10:     regret_index_infernal_bastille, layout_cave_pools,
          mainiacjoe_overflow_divided_tiny, serial_ice, serial_ice_o,
          serial_ice_e, serial_ice_n, serial_ice_b
D:11:     layout_roguey, serial_glass, glass_columns_a, glass_columns_a
Lair:1:   layout_roguey, grunt_megastairs_4, infiniplex_staircase_pool,
          serial_bayou_shore_b, lemuel_fruit_fields
Lair:2:   layout_chaotic_city, skrybe_swamp_entry_bodies, spider_nest_entry_webs
Lair:3:   nzn_winding_woodlands_huge [nzn_winding_woodlands_5x15_zeroes,
          nzn_winding_woodlands_5x15_crooked,
          nzn_winding_woodlands_5x15_split_checker,
          nzn_winding_woodlands_5x15_pockets, nzn_winding_woodlands_5x15_pool,
          nzn_winding_woodlands_5x15_parted,
          nzn_winding_woodlands_5x15_river_crossing,
          nzn_winding_woodlands_5x15_eye, nzn_winding_woodlands_5x15_sawtooth,
          nzn_winding_woodlands_5x15_garden, nzn_winding_woodlands_center_lodge,
          nzn_winding_woodlands_center_garden,
          nzn_winding_woodlands_15x15_thick_spiral], layout_gridlike,
          fungi_pond_lemuel

Skill      XL: |  1  2  3  4  5  6  7  8  9 10 11 12 13 |
---------------+----------------------------------------+-----
Fighting       | 1 3 5 8 9 10 | 10.2
Spellcasting   | 3 4 8 |  8.0
Earth Magic    | 4 5 6 8 12 | 12.0
Invocations    | 1 2 3 5 7 |  7.0
Conjurations   | 1 |  1.0
Dodging        | 4 7 10 11 | 11.5
Stealth        | 6 10 | 10.0
Shields        | 5 |  5.0
Long Blades    | 1 4 |  4.5

Action                     |  1- 3 |  4- 6 |  7- 9 | 10-12 | 13-15 || total
---------------------------+-------+-------+-------+-------+-------++-------
  Melee: Dagger            |    18 |    62 |    34 |     8 |       ||   122
         Bite              |     1 |     6 |     3 |     5 |    12 ||    27
         Punch             |       |     2 |     2 |       |       ||     4
         Staff             |       |       |       |    19 |     6 ||    25
         Scimitar          |       |       |       |     4 |    71 ||    75
   Fire: Sling             |       |       |     6 |    62 |       ||    68
   Cast: Sandblast         |    44 |    86 |    80 |    47 |     2 ||   259
         Stone Arrow       |       |       |    89 |   287 |   123 ||   499
         Brom's Barrelling |       |       |       |    17 |     9 ||    26
 Invoke: Draw Destruction  |       |       |     4 |    11 |     9 ||    24
         Draw Summoning    |       |       |     2 |     3 |       ||     5
         Draw Escape       |       |       |     2 |     5 |     1 ||     8
         Triple Draw       |       |       |       |     1 |       ||     1
  Evoke: Wand              |       |       |       |     2 |     1 ||     3
         Lightning rod     |       |       |       |       |     1 ||     1
    Use: Scroll            |     1 |       |       |     4 |    11 ||    16
         Potion            |       |       |       |     4 |       ||     4
   Stab: Sleeping          |     5 |       |       |       |     1 ||     6
 Armour: Robe              |     7 |       |       |       |       ||     7
         Skin              |     1 |       |       |       |       ||     1
         Leather armour    |    20 |    72 |    66 |   174 |    95 ||   427
  Dodge: Dodged            |    29 |    89 |    99 |   286 |   184 ||   687
  Block: Buckler           |       |       |       |    33 |    62 ||    95
